 Dungeon Crawl Stone Soup version 0.28-a0-1365-g7e0445c96d (webtiles) character file.

Game seed: 8288548252578653366

136 Conn the Firebug (level 5, -6/31 HPs)
             Began as an Octopode Fire Elementalist on Dec 31, 2021.
             Mangled by an iguana (13 damage)
             ... on level 3 of the Dungeon.
             The game lasted 00:05:32 (2611 turns).

Conn the Firebug (Octopode Fire Elementalist)       Turns: 2611, Time: 00:05:33

Health: -6/31      AC:  1    Str:  7    XL:     5   Next: 19%
Magic:  3/9        EV: 13    Int: 19    God:
Gold:   53         SH:  0    Dex: 13    Spells: 0/9 levels left

rFire   . . .      SeeInvis .   a - +0 short sword
rCold   . . .      Faith    .   (no shield)
rNeg    . . .      Spirit   .   (helmet restricted)
rPois   .          Reflect  .   (no amulet)
rElec   .          Harm     .   (no ring)
rCorr   .          Rampage  .   (no ring)
Will    .....                   (no ring)
Stlth   +++.......              (no ring)
HPRegen 0.10/turn               (no ring)
MPRegen 0.11/turn               (no ring)
                                (no ring)
                                (no ring)

@: no status effects
A: almost no armour, amphibious, 8 rings, camouflage 1, gelatinous body 1,
(nimble swimmer 1), tentacles
a: no special abilities


You were on level 3 of the Dungeon.
You visited 1 branch of the dungeon, and saw 3 of its levels.

You collected 53 gold pieces.

Inventory:

Hand Weapons
 a - a +0 short sword (weapon)
 b - the +12 hunting sling "Undertaker" {flame, rElec Will- Stlth+}
   (You found it on level 3 of the Dungeon)

   Any ammunition fired from it burns those it strikes, dealing additional fire
   damage.
   rElec:     It insulates you from electricity.
   Will:      It decreases your willpower.
   Stlth:     It makes you more stealthy.
Missiles
 i - 12 sling bullets
Scrolls
 c - a scroll of fog {unknown}
 d - 2 scrolls of enchant weapon {unknown}
 e - 2 scrolls of immolation {unknown}
 f - a scroll of fear {unknown}
 g - a scroll of identify {unknown}
Potions
 h - a potion of resistance {unknown}


   Skills:
 + Level 0.1 Fighting
 + Level 0.6 Short Blades
 + Level 2.4 Dodging
 + Level 3.9 Stealth
 + Level 2.7 Spellcasting
 + Level 2.2 Conjurations
 + Level 3.9 Fire Magic


You couldn't memorise any spells.
You knew the following spells:

 Your Spells              Type           Power      Damage    Failure   Level
a - Foxfire               Conj/Fire      56%        2x1d6     4%          1
b - Conjure Flame         Conj/Fire      14%        6-21      13%         3
c - Inner Flame           Hex/Fire       10%        N/A       22%         3
e - Scorch                Fire           34%        2d6       4%          2

Your spell library contained the following spells:

 Spells                   Type           Power      Damage    Failure   Level
 Sting                    Tmut/Pois      8%         1d3       16%         1
 Poisonous Vapours        Pois/Air       4%         N/A       24%         2
 Flame Wave               Conj/Fire      14%        2d5       41%         4
 Olgreb's Toxic Radiance  Pois           2%         N/A       83%         4


Dungeon Overview and Level Annotations

Branches:
Dungeon (3/15)

Altars:
Okawaru
Ru

Shops:
D:3 [


Innate Abilities, Weirdness & Mutations

You cannot wear most types of armour.
You are amphibious.
You can wear up to eight rings at the same time.
Your skin changes colour to match your surroundings (Stealth+).
Your rubbery body absorbs attacks. (AC +1, EV +1)
((You are camouflaged when in or above water. (Stealth+)))
You have tentacles for arms and can constrict up to eight enemies at once.


Message History

Confirm with . or Enter, or press ? or * to list all spells.
You conjure some foxfire!
The iguana misses you.
Unknown command.
Casting: Foxfire (safe; 4% risk of failure)
Confirm with . or Enter, or press ? or * to list all spells.
You conjure some foxfire!
The foxfire hits the iguana but does no damage.
The iguana is lightly wounded.
The foxfire hits the iguana.
The iguana is moderately wounded.
The iguana bites you.
Casting: Foxfire (safe; 4% risk of failure)
Confirm with . or Enter, or press ? or * to list all spells.
You conjure some foxfire!
The foxfire hits the iguana but does no damage.
The iguana is moderately wounded.
The iguana bites you.
Unknown command.
Casting: Foxfire (safe; 4% risk of failure)
Confirm with . or Enter, or press ? or * to list all spells.
You conjure some foxfire!
The foxfire hits the iguana but does no damage.
The iguana is moderately wounded.
The foxfire hits the iguana.
The iguana is moderately wounded.
The iguana bites you!
* * * LOW HITPOINT WARNING * * *
The foxfire hits the iguana but does no damage.
The iguana is moderately wounded.
Casting: Foxfire (safe; 4% risk of failure)
Confirm with . or Enter, or press ? or * to list all spells.
Flames lash the iguana.
The iguana is heavily wounded.
The iguana's fire resistance burns away.
The foxfire hits the iguana but does no damage.
The iguana is heavily wounded.
The foxfire hits the iguana.
The iguana is severely wounded.
The iguana bites you!
You die...

#.#####.# #....##
#.#####.####.....#
.................#
†...###..####...#####
...####..####..###..##
.........##...###....##
#.######.##.#.##......##
#.# #.##.#..§........
#'## #.......§@l####
...## ####.###§#.# #
....## #. #.#.# ##
..>..## #. #.#.# ##.
......# .. ....# #..
......+ ..... +..
......# ##.### #..
.....## #.# ##. ....##
##


You could see an iguana (combustible).

Vanquished Creatures
  A gnoll (D:1)
  6 adders (D:2)
  A worm (D:2)
  A dart slug (D:2)
  9 bats
  4 endoplasms
  6 giant cockroaches (D:2)
  8 hobgoblins
  2 jackals (D:1)
  9 kobolds
  A quokka (D:2)
  5 ball pythons
  A frilled lizard (D:1)
  5 goblins
  4 rats
63 creatures vanquished.

Vanquished Creatures (others)
  155 foxfires
155 creatures vanquished.

Grand Total: 218 creatures vanquished

Notes
Turn   | Place    | Note
-------+----------+-------------------------------------------
     0 | D:1      | Conn the Octopode Fire Elementalist began the quest for the
                  | Orb.
     0 | D:1      | Reached XP level 1. HP: 11/11 MP: 3/3
   220 | D:1      | Reached XP level 2. HP: 17/17 MP: 0/5
   441 | D:1      | Reached XP level 3. HP: 17/21 MP: 6/6
   506 | D:1      | Learned a level 3 spell: Conjure Flame
   515 | D:1      | Learned a level 2 spell: Scorch
  1227 | D:1      | Found a faded altar of an unknown god.
  1365 | D:2      | Reached XP level 4. HP: 27/27 MP: 0/7
  1960 | D:2      | Reached XP level 5. HP: 28/31 MP: 3/9
  2307 | D:2      | Learned a level 3 spell: Inner Flame
  2377 | D:3      | Found a sacrificial altar of Ru.
  2382 | D:3      | Found an iron altar of Okawaru.
  2433 | D:3      | Identified the +12 hunting sling "Undertaker" {flame, rElec
                  | Will- Stlth+}
  2546 | D:3      | Found Pexuamong's Antique Armour Shop.
  2611 | D:3      | Mangled by an iguana

Illustrated notes

Levels and vault maps discovered:
D:1:      wander_arrival_desolate, layout_basic,
          hellmonk_ecumenical_altar_inner_sanctum, amcnicky_mini_pool_small,
          minmay_pentomino_s2
D:2:      layout_rooms, corexii_shack
D:3:      layout_loops_corners, mainiacjoe_overflow_catwalk_spiral,
          serial_shops, nicolae_shop_trees, minivault_19,
          chequers_serial_rivers_room_a, chequers_serial_rivers_room_a

Skill      XL: |  1  2  3  4 |
---------------+-------------+-----
Stealth        | 3 |  3.9
Conjurations   | 2 |  2.2
Fighting       | |  0.1
Short Blades   | |  0.6
Dodging        | |  2.4
Spellcasting   | |  2.7
Fire Magic     | |  3.9

Action                   |  1- 3 |  4- 6 || total
-------------------------+-------+-------++-------
Melee: Unarmed           |     2 |       ||     2
       Tentacles         |     2 |     2 ||     4
       Short sword       |    21 |    23 ||    44
       Constrict         |     7 |     5 ||    12
 Cast: Foxfire           |    46 |    48 ||    94
       Scorch            |       |     1 ||     1
 Stab: Sleeping          |     4 |     6 ||    10
Armor: Skin              |     1 |     1 ||     2
Dodge: Dodged            |    11 |    20 ||    31

Table legend: (Time is in decaauts)
 A = Elapsed time spent in this place.
 B = Non-inter-level travel time spent in this place.
 C = Inter-level travel time spent in this place.
 D = Time resting spent in this place.
 E = Time spent auto-exploring this place.
 F = Levels seen in this place.
 G = Mean time per level.
                   A        B        C        D        E       F      G
               +--------+--------+--------+--------+--------+-----+--------+
         Total |   2616 |   2494 |    122 |    153 |   1822 |   3 |  872.0 |
       Dungeon |   2616 |   2494 |    122 |    153 |   1822 |   3 |  872.0 |
               +--------+--------+--------+--------+--------+-----+--------+

Top non-repeatable levels by time:
     D:1: 1535 daAuts
     D:2: 838 daAuts
     D:3: 242 daAuts
